Map: Bel'Shir Vestige LE (Void)

Players

PiLiPiLi

  • Race: Protoss Protoss
  • Spawn Location: 5:00

Cham - Winner!

  • Race: Zerg Zerg
  • Spawn Location: 11:00

Event: WCS Austin 2017

VOD

Have the link to the VOD?

Description

Time

  • Played on: April 28, 2017, 9:20 p.m.
  • Length: 11:34

All games in this series

Show
View Real Time Build Order
Export as new Build Order

PiLiPiLi Protoss 

Build Orders: Nexus First, Mass Adepts 

Get SALT Encoding   

  12  0:01  Probe (Chrono Boost)  
  13  0:11  Probe (Chrono Boost)  
  14  0:20  Pylon  
  14  0:22  Probe (Chrono Boost)  
  15  0:38  Probe (Chrono Boost)  
  16  0:49  Probe (Chrono Boost)  
  17  0:57  Nexus  
  17  1:07  Gateway  
  17  1:10  Probe (Chrono Boost)  
  18  1:15  Assimilator  
  18  1:20  Probe (Chrono Boost)  
  18  1:24  Assimilator  
  19  1:31  Probe (Chrono Boost)  
  20  1:36  Gateway  
  20  1:42  Probe (Chrono Boost)  
  21  1:53  Probe (Chrono Boost)  
  22  1:57  Cybernetics Core  
  22  2:03  Probe (Chrono Boost)  
  23  2:10  Probe (Chrono Boost)  
  23  2:14  Probe (Chrono Boost)  
  25  2:20  Probe (Chrono Boost)  
  26  2:23  Warp Gate  
  26  2:25  Probe (Chrono Boost)  
  27  2:30  Adept x2  
  27  2:32  Probe (Chrono Boost)  
  33  2:37  Probe (Chrono Boost)  
  33  2:43  Pylon  
  34  2:44  Probe (Chrono Boost)  
  34  2:45  Twilight Council  
  34  2:49  Probe (Chrono Boost)  
  35  2:55  Probe (Chrono Boost)  
  35  2:57  Adept  
  38  3:03  Probe (Chrono Boost)  
  40  3:05  Probe (Chrono Boost)  
  40  3:08  Resonating Glaives, Adept  
  42  3:15  Probe (Chrono Boost), Pylon  
  42  3:17  Probe (Chrono Boost)  
  45  3:27  Probe (Chrono Boost)  
  45  3:33  Probe (Chrono Boost)  
  46  3:34  Gateway  
  46  3:36  Robotics Facility  
  46  3:39  Pylon  
  46  3:40  Probe (Chrono Boost)  
  47  3:41  Adept  
  47  3:46  Probe (Chrono Boost), Adept  
  52  3:53  Assimilator, Probe (Chrono Boost)  
  53  3:58  Probe (Chrono Boost), Pylon  
  54  4:06  Probe (Chrono Boost)  
  55  4:16  Probe (Chrono Boost)  
  58  4:19  Mothership Core (Chrono Boost)  
  58  4:23  Warp Prism  
  58  4:28  Probe (Chrono Boost)  
  58  4:30  Adept  
  58  4:31  Adept x2  
  67  4:33  Pylon  
  67  4:42  Dark Shrine  
  67  4:52  Probe x2 (Chrono Boost)  
  68  4:56  Pylon, Adept x3  
  74  5:02  Nexus  
  75  5:08  Probe (Chrono Boost)  
  75  5:09  Immortal  
  75  5:17  Pylon  
  75  5:18  Sentry  
  81  5:25  Probe (Chrono Boost), Sentry  
  81  5:26  Probe (Chrono Boost)  
  85  5:42  Gateway  
  86  5:43  Probe (Chrono Boost), Gateway  
  86  5:44  Immortal  
  86  5:45  Gateway  
  84  6:03  Probe (Chrono Boost), Sentry x2  
  89  6:06  Adept  
  89  6:07  Gateway  
  89  6:08  Gateway  
  89  6:10  Gateway  
  91  6:12  Gateway  
  91  6:21  Immortal, Probe (Chrono Boost)  
  91  6:22  Probe (Chrono Boost)  
  91  6:23  Probe (Chrono Boost)  
  94  6:31  Dark Templar  
  94  6:32  Probe (Chrono Boost), Zealot x2  
  105  6:35  Assimilator, Pylon  
  105  6:53  Probe (Chrono Boost)  
  99  6:55  Probe (Chrono Boost)  
  99  6:56  Immortal, Probe (Chrono Boost)  
  100  7:08  Pylon  
  100  7:09  Pylon  
  100  7:15  Zealot x5  
  100  7:16  Adept x2  
  100  7:17  Adept x2  
  100  7:18  Adept  
  114  7:23  Probe (Chrono Boost)  
  114  7:24  Probe (Chrono Boost), Pylon  
  114  7:27  Pylon  
  114  7:30  Immortal  
  118  7:44  Adept x6  
  118  7:45  Adept x4  
  138  8:06  Pylon  
  138  8:10  Stalker x5  
  146  8:29  Stalker x5  
  146  8:32  Pylon  
  156  8:34  Assimilator  
  156  8:47  Adept x3  
  122  8:51  Adept  
  122  8:55  Adept x4  
  108  8:56  Adept x2  
  110  9:17  Adept x7  
  90  9:26  Immortal  
  80  9:35  Forge  
  80  9:36  Assimilator  
  80  9:38  Adept x2  
  78  9:39  Adept x8  
  96  10:01  Immortal  
  96  10:06  Stalker  
  96  10:07  Stalker x4  
  100  10:12  Stalker x2  
  106  10:27  Stalker x3  
  108  10:38  Stalker x5  
  116  10:46  Stalker x2  
  114  10:54  Pylon  
  114  10:56  Stalker  
  103  11:13  Stalker  
  103  11:14  Stalker x4  
Show
View Real Time Build Order
Export as new Build Order

Cham Zerg - Winner!

Build Orders: Hatch First, Muta Ling Bane 

Get SALT Encoding   

  12  0:00  Drone  
  13  0:09  Drone  
  14  0:17  Overlord  
  14  0:40  Hatchery  
  13  0:43  Drone  
  13  0:47  Drone  
  15  0:52  Drone  
  15  0:56  Drone  
  17  1:05  Drone  
  17  1:10  Extractor  
  17  1:17  Spawning Pool  
  16  1:20  Drone  
  17  1:27  Drone  
  18  1:39  Drone  
  19  1:50  Drone  
  20  1:54  Hatchery  
  20  1:56  Drone  
  20  2:03  Drone x2  
  20  2:07  Queen  
  24  2:13  Overlord  
  24  2:18  Drone  
  24  2:21  Drone  
  26  2:27  Queen  
  28  2:32  Drone  
  28  2:36  Drone x2  
  31  2:44  Queen  
  31  2:48  Metabolic Boost  
  31  2:51  Overlord  
  33  2:55  Zergling x2  
  33  2:56  Zergling x2  
  35  2:59  Zergling x2  
  36  3:06  Zergling x4  
  36  3:08  Queen  
  36  3:10  Zergling x2  
  41  3:16  Zergling x2  
  41  3:18  Drone x2, Zergling x2  
  45  3:20  Drone  
  45  3:24  Drone  
  47  3:30  Drone  
  47  3:31  Drone  
  48  3:38  Overlord, Roach Warren  
  48  3:39  Drone  
  48  3:42  Drone  
  48  3:46  Drone  
  48  3:48  Overlord  
  50  3:58  Drone x4  
  50  3:59  Drone x2  
  50  4:00  Drone  
  57  4:04  Overlord  
  57  4:12  Overlord  
  57  4:14  Drone x2  
  57  4:15  Drone  
  57  4:16  Drone, Overlord  
  61  4:19  Drone  
  61  4:20  Extractor  
  61  4:21  Roach  
  61  4:23  Roach  
  65  4:26  Roach  
  65  4:28  Drone x2  
  67  4:33  Roach x3  
  67  4:37  Roach  
  75  4:40  Roach  
  75  4:41  Roach  
  75  4:44  Roach  
  81  4:46  Drone  
  81  4:49  Overlord  
  82  4:54  Overlord  
  81  5:02  Roach, Zergling x4  
  81  5:03  Zergling x12  
  88  5:07  Baneling Nest  
  88  5:11  Zergling x2  
  88  5:12  Zergling x6  
  91  5:15  Overlord  
  91  5:20  Roach x2  
  95  5:24  Evolution Chamber  
  95  5:28  Zergling x2  
  95  5:29  Lair  
  95  5:32  Zergling x2  
  95  5:33  Zergling x2  
  97  5:39  Extractor  
  97  5:41  Drone x4  
  97  5:42  Drone x3  
  103  5:45  Overlord  
  103  5:53  Drone x3  
  99  5:57  Drone  
  99  5:59  Drone x2  
  99  6:01  Drone  
  101  6:08  Zerg Melee Weapons Level 1  
  101  6:09  Drone x2  
  101  6:10  Overlord  
  103  6:13  Overlord  
  103  6:14  Drone  
  104  6:20  Extractor  
  104  6:23  Drone  
  104  6:24  Drone x2, Extractor x2, Hatchery  
  103  6:27  Glial Reconstitution  
  103  6:28  Overlord  
  103  6:32  Drone x2  
  105  6:33  Drone  
  105  6:35  Drone x4  
  105  6:36  Drone  
  111  6:40  Overlord  
  111  6:43  Zergling x2  
  110  6:49  Drone x2  
  110  6:50  Overlord  
  110  6:52  Overseer  
  110  6:53  Overseer  
  104  6:58  Drone x4  
  105  7:08  Drone x7  
  111  7:14  Drone x2  
  110  7:16  Drone  
  110  7:18  Centrifical Hooks  
  110  7:22  Spire  
  110  7:23  Overlord  
  110  7:25  Roach x2  
  114  7:34  Spore Crawler  
  114  7:35  Drone  
  114  7:37  Overlord  
  110  7:38  Queen  
  110  7:39  Zergling x6  
  113  7:44  Overlord  
  113  7:46  Hatchery  
  113  7:48  Drone  
  113  7:54  Zergling x18  
  113  7:56  Ravager x3  
  113  7:57  Ravager x3  
  128  7:58  Baneling x3  
  128  7:59  Baneling  
  128  8:00  Baneling  
  128  8:01  Baneling x3  
  128  8:03  Baneling x2  
  128  8:04  Zergling x2  
  128  8:05  Zergling x2  
  130  8:07  Zergling x4  
  130  8:09  Baneling x4  
  130  8:10  Baneling  
  132  8:14  Baneling x4  
  132  8:16  Zergling x4  
  132  8:17  Zergling x4  
  132  8:19  Zergling x2  
  137  8:23  Zergling x2  
  137  8:27  Zergling x2  
  137  8:28  Baneling x8  
  137  8:33  Zergling x4  
  139  8:34  Zergling x2  
  139  8:39  Zergling x2  
  141  8:45  Zergling x2  
  141  8:46  Zergling x18  
  136  8:52  Zergling x2, Hatchery  
  136  8:53  Zergling x8  
  127  8:56  Baneling x6  
  127  8:57  Zergling x2  
  127  9:00  Zergling x2  
  129  9:04  Ravager x3  
  129  9:05  Baneling x9  
  129  9:06  Zergling x2  
  129  9:09  Zergling x4  
  129  9:10  Zergling x2  
  109  9:25  Zergling x14  
  109  9:26  Zergling x4  
  109  9:27  Zergling x2  
  111  9:33  Mutalisk x2  
  113  9:43  Mutalisk x2  
  113  9:44  Mutalisk x2  
  121  9:50  Drone x2  
  123  9:54  Mutalisk x2  
  127  10:07  Mutalisk x2  
  124  10:12  Zergling x8  
  130  10:15  Zergling x4  
  130  10:17  Zergling x6  
  130  10:19  Zergling x12  
  130  10:20  Zergling x2  
  137  10:27  Zergling x6  
  137  10:28  Zergling x2  
  135  10:30  Zergling x8  
  135  10:33  Drone  
  135  10:34  Drone x2  
  140  10:39  Overlord  
  140  10:41  Zergling x4  
  142  10:43  Zergling x2  
  142  10:44  Zergling x2  
  142  10:45  Zergling x2  
  142  10:49  Baneling  
  145  10:50  Baneling x15  
  145  10:52  Zergling x4  
  145  10:53  Zergling x2  
  148  11:02  Zergling x6  
  148  11:03  Baneling x10  
  151  11:05  Zergling x4  
  151  11:07  Zergling x4  
  151  11:10  Zergling x6  
  158  11:14  Zergling x4  
Tags
 
Add a new tag
Caveats
  • Supply blocks, unpowered buildings, or Contaminate may cause inaccurate times.
  • Supply counts are checked every 10 seconds.